Map: Lost and Found LE

Players

FeaR

  • Race: Protoss Protoss
  • League: Master
  • Spawn Location: 7:00

HellraiseR - Winner!

  • Race: Protoss Protoss
  • League: Master
  • Spawn Location: 1:00

Event: HomeStory Cup XVII

VOD

Have the link to the VOD?

Description

Time

  • Played on: June 29, 2018, 7:24 a.m.
  • Length: 11:35

All games in this series

Show
View Real Time Build Order
Export as new Build Order

FeaR Protoss 

Build Orders: Blink Stalkers 

Get SALT Encoding   

  12  0:00  Probe  
  13  0:12  Probe  
  14  0:20  Pylon  
  14  0:24  Probe  
  15  0:36  Probe  
  15  0:40  Gateway  
  16  0:44  Probe  
  17  0:50  Assimilator  
  17  0:52  Probe  
  18  1:00  Pylon  
  18  1:04  Probe  
  18  1:08  Assimilator  
  19  1:16  Probe  
  20  1:23  Gateway  
  20  1:27  Cybernetics Core  
  20  1:28  Probe  
  21  1:33  Pylon  
  21  1:40  Probe  
  22  1:52  Probe  
  23  2:03  Warp Gate, Stalker  
  26  2:08  Stalker  
  26  2:12  Pylon  
  27  2:26  Adept  
  27  2:29  Adept  
  29  2:39  Shield Battery  
  29  2:42  Twilight Council  
  31  2:51  Stalker  
  31  2:56  Stalker  
  35  3:08  Blink  
  35  3:31  Nexus  
  35  3:42  Probe  
  36  3:54  Probe  
  37  3:58  Robotics Facility  
  35  4:07  Probe, Sentry  
  36  4:13  Pylon  
  36  4:15  Sentry  
  38  4:19  Probe  
  39  4:31  Probe  
  40  4:39  Observer  
  40  4:43  Probe x2  
  42  4:52  Probe, Stalker x2  
  45  4:55  Forge, Probe  
  49  5:00  Probe  
  49  5:01  Observer  
  50  5:07  Probe  
  50  5:09  Probe  
  50  5:14  Pylon  
  52  5:20  Probe  
  53  5:21  Probe  
  53  5:23  Pylon  
  54  5:32  Immortal, Probe  
  54  5:33  Protoss Ground Weapons Level 1  
  54  5:34  Probe  
  60  5:44  Probe  
  60  5:46  Probe  
  62  5:51  Resonating Glaives  
  62  5:52  Adept x2  
  62  5:56  Probe  
  67  5:58  Probe  
  68  6:05  Assimilator  
  68  6:09  Photon Cannon  
  68  6:11  Photon Cannon  
  68  6:13  Shield Battery  
  68  6:22  Adept  
  70  6:25  Pylon  
  70  6:26  Pylon  
  70  6:30  Gateway  
  70  6:35  Gateway  
  70  6:38  Gateway  
  70  6:42  Gateway  
  70  6:45  Gateway  
  70  6:48  Gateway  
  70  7:03  Adept x2  
  70  7:07  Protoss Ground Weapons Level 2  
  74  7:09  Warp Prism  
  74  7:12  Pylon  
  74  7:13  Assimilator  
  74  7:15  Pylon  
  76  7:25  Adept x2  
  79  7:46  Adept x2  
  79  7:47  Adept  
  79  7:49  Nexus  
  85  7:51  Pylon  
  85  7:53  Immortal  
  85  8:02  Templar Archives  
  89  8:24  Probe  
  89  8:25  Immortal, Probe  
  91  8:30  Adept x2  
  91  8:31  Adept x2  
  99  8:38  High Templar, Pylon  
  99  8:40  High Templar  
  107  8:45  Archon  
  107  8:49  Pylon  
  107  9:00  Warp Prism  
  111  9:15  High Templar x2  
  113  9:19  Archon  
  111  9:27  Adept x6  
  116  9:47  Adept  
  116  9:48  Adept x5  
  127  10:00  Probe  
  127  10:01  Probe  
  125  10:12  Pylon  
  125  10:17  Pylon  
  125  10:27  High Templar  
  125  10:28  High Templar  
  129  10:29  Adept x2, Observer  
  129  10:33  Archon, Pylon  
  129  10:34  Pylon  
  133  10:44  Adept x3  
  139  10:54  Observer  
  118  11:13  Adept x3  
  118  11:14  Adept x3  
  67  11:29  Adept x2  
Show
View Real Time Build Order
Export as new Build Order

HellraiseR Protoss - Winner!

Build Orders: Dark Templar Rush 

Get SALT Encoding   

  12  0:00  Probe  
  13  0:12  Probe  
  14  0:17  Pylon  
  14  0:20  Probe  
  15  0:31  Probe  
  16  0:37  Gateway  
  16  0:42  Probe  
  16  0:47  Assimilator  
  17  0:52  Probe  
  17  0:55  Assimilator  
  18  1:01  Probe  
  19  1:12  Probe  
  20  1:24  Cybernetics Core  
  20  1:25  Probe  
  21  1:34  Pylon  
  21  1:37  Probe  
  22  1:42  Warp Gate  
  22  1:49  Probe  
  18  2:01  Probe, Stalker  
  26  2:11  Twilight Council  
  26  2:13  Probe  
  27  2:23  Pylon  
  27  2:31  Stalker  
  29  2:38  Gateway  
  29  2:40  Gateway  
  29  2:50  Dark Shrine  
  29  3:01  Stalker  
  31  3:12  Probe  
  32  3:14  Pylon  
  31  3:34  Nexus  
  31  3:52  Probe  
  31  4:02  Dark Templar x2  
  33  4:04  Probe  
  34  4:13  Robotics Facility  
  34  4:16  Probe  
  35  4:25  Pylon  
  35  4:28  Probe  
  36  4:42  Probe  
  37  4:49  Probe  
  37  4:50  Blink  
  37  4:51  Probe  
  38  4:55  Stalker  
  38  4:59  Probe  
  41  5:01  Probe  
  41  5:03  Observer  
  44  5:08  Probe  
  44  5:10  Probe  
  46  5:17  Forge  
  46  5:19  Probe  
  46  5:20  Probe  
  47  5:25  Adept x2  
  52  5:31  Probe  
  52  5:32  Probe  
  54  5:35  Protoss Ground Weapons Level 1  
  54  5:36  Stalker  
  54  5:42  Shield Battery  
  56  5:43  Probe  
  56  5:44  Probe  
  58  5:55  Probe  
  58  5:57  Probe  
  58  6:00  Stalker x2  
  60  6:05  Assimilator  
  60  6:06  Assimilator  
  60  6:07  Probe  
  60  6:09  Probe  
  62  6:14  Pylon  
  62  6:21  Gateway  
  62  6:25  Pylon  
  62  6:31  Pylon  
  62  6:32  Probe x2, Stalker x2  
  66  6:37  Stalker  
  70  6:43  Pylon  
  70  6:44  Probe  
  72  6:47  Probe  
  72  6:50  Gateway  
  72  6:52  Immortal  
  72  7:00  Sentry x2  
  80  7:07  Shield Battery  
  80  7:09  Shield Battery  
  80  7:13  Shield Battery  
  80  7:14  Stalker  
  82  7:19  Gateway  
  82  7:24  Sentry  
  82  7:25  Stalker  
  86  7:32  Protoss Ground Weapons Level 2  
  86  7:33  Pylon  
  84  7:48  Warp Prism  
  86  7:52  Stalker x3  
  86  7:55  Stalker  
  94  7:59  Pylon  
  94  8:05  Photon Cannon  
  94  8:14  Charge  
  94  8:19  Nexus  
  92  8:27  Templar Archives  
  92  8:43  Probe  
  92  8:45  Probe  
  92  8:47  Pylon  
  94  8:55  Probe  
  94  8:57  Probe  
  96  9:03  Gateway, Dark Templar x3  
  96  9:05  Gateway  
  96  9:07  Pylon  
  96  9:08  Dark Templar  
  104  9:14  Immortal  
  104  9:17  Pylon  
  108  9:38  Zealot x4  
  116  9:50  Immortal  
  114  10:06  High Templar  
  116  10:07  High Templar  
  116  10:08  Zealot x4  
  116  10:12  Probe, Pylon  
  127  10:16  Archon x2  
  127  10:17  Archon  
  127  10:18  Zealot  
  127  10:20  Zealot  
  131  10:31  Dark Templar x2  
  131  10:32  Zealot  
  131  10:35  Archon  
  137  10:36  Zealot  
  137  10:39  Zealot x2  
  143  10:44  Dark Templar  
  143  10:48  Zealot  
  140  10:54  Zealot  
  138  10:57  Probe  
  138  10:58  Zealot  
  138  11:04  Probe x2  
  141  11:09  Probe  
  141  11:10  Zealot x4  
  132  11:16  Probe x2  
  112  11:21  Probe, Stalker  
  101  11:31  Stalker  
Tags
 
Add a new tag
Caveats
  • Supply blocks, unpowered buildings, or Contaminate may cause inaccurate times.
  • Supply counts are checked every 10 seconds.